 Dungeon Crawl Stone Soup version 0.23-a0-635-g88ca12a7de (webtiles) character file.

51 Maize the Chopper (level 3, 0/29 HPs)
             Began as a Demonspawn Chaos Knight on Dec 27, 2018.
             Was a Plaything of Xom.
             Succumbed to an adder's poison
             ... on level 4 of the Dungeon.
             The game lasted 00:02:17 (775 turns).

Maize the Chopper (Demonspawn Chaos Knight)          Turns: 775, Time: 00:02:17

Health: 0/29       AC: 11    Str: 13    XL:     3   Next: 57%
Magic:  3/3        EV: 11    Int: 13    God:    Xom [.....*]
Gold:   18         SH:  0    Dex: 12    Spells: 2/2 levels left

rFire    . . .     SeeInvis .   a - +0 hand axe (chaos)
rCold    . . .     Gourm    .   (no shield)
rNeg     . . .     Faith    .   b - +2 leather armour
rPois    .         Spirit   .   (no helmet)
rElec    .         Reflect  .   (no cloak)
rCorr    .         Harm     .   (no gloves)
MR       .....                  (no boots)
Stlth    +.........             (no amulet)
HPRegen  0.09/turn              (no ring)
MPRegen  0.08/turn              (no ring)

@: lethally poisoned (0 -> -4), sanguine armour
A: talons 1, sanguine armour 1
a: Renounce Religion


You were on level 4 of the Dungeon.
You worshipped Xom.
You were Xom's teddy bear.
You were not hungry.

You visited 1 branch of the dungeon, and saw 3 of its levels.

You collected 18 gold pieces.

Inventory:

Hand Weapons
 a - a +0 hand axe of chaos (weapon)
Armour
 b - a +2 leather armour (worn)
 j - a cursed +0 plate armour
Scrolls
 d - a scroll of remove curse {unknown}
 g - a scroll of magic mapping {unknown}
 h - 2 scrolls of identify {unknown}
Potions
 e - a potion of degeneration {unknown}
 i - a potion of flight {unknown}
 k - a potion of agility {unknown}
Comestibles
 c - 7 rations
 f - 4 chunks of flesh


   Skills:
 + Level 3.4 Fighting
 * Level 3.5 Axes
 + Level 2.3 Armour
 - Level 0.8 Dodging


You had 2 spell levels left.
You didn't know any spells.
Your spell library was empty.

Dungeon Overview and Level Annotations

Branches:
Dungeon (2/15)

Altars:
Uskayaw


Innate Abilities, Weirdness & Mutations

You have sharp toenails.
When seriously injured, your bleeding wounds create armour. (AC +6)


Message History

The adder bites you but does no damage. The adder closely misses you.
The adder bites you but does no damage. The adder bites you but does no damage.
The adder bites you but does no damage. x2
The adder bites you but does no damage. The adder barely misses you.
The adder bites you.
* * * LOW HITPOINT WARNING * * *
The adder bites you.
You die... "That's my teddy bear, go get your own!"
Xom revives you!
You are lethally poisoned!
The adder poisons you! The adder bites you but does no damage.
* * * LOW HITPOINT WARNING * * *
You feel sick. The adder bites you.
* * * LOW HITPOINT WARNING * * *
The adder misses you.
You die...
Xom cackles wildly!

#### #####..##
#.......#
#.......#
##.....#.....
#....@# #.#
##...S...#
#............
#............
#...#.........
##.##.........
## ##........
....##...


You could see an adder.

Vanquished Creatures
  2 oozes
  A leopard gecko (D:1)
  4 bats
  9 giant cockroaches
  6 goblins
  3 hobgoblins
  3 kobolds (D:1)
  5 frilled lizards
  3 rats
36 creatures vanquished.

Notes
Turn   | Place    | Note
-------+----------+-------------------------------------------
     0 | D:1      | Maize the Demonspawn Chaos Knight began the quest for the
                  | Orb.
     0 | D:1      | Reached XP level 1. HP: 18/18 MP: 1/1
    60 | D:1      | Gained mutation: When seriously injured, your bleeding
                  | wounds create armour. (AC +6) [demonic ancestry]
    60 | D:1      | Reached XP level 2. HP: 16/24 MP: 2/2
   389 | D:1      | Gained mutation: You have sharp toenails. [demonic
                  | ancestry]
   389 | D:1      | Reached XP level 3. HP: 28/29 MP: 3/3
   479 | D:1      | XOM: harmless Ice miscast
   561 | D:2      | Found a hide-covered altar of Uskayaw.
   672 | D:2      | You fall through a shaft for 2 floors!
   697 | D:4      | XOM: smoke on damage
   771 | D:4      | HP: 1/29 [adder (3)]
   772 | D:4      | Xom revived you
   775 | D:4      | Succumbed to an adder's poison

Vault maps used:
D:1:      onia_arrival_pyramid
D:2:      overflow_temple_1_default, gammafunk_temple_overflow_claw,
          first_ration, st_stairs_9, minmay_worlds_worst_comb
D:4:      gammafunk_temple_overflow_statue, nicolae_tso_carved_into_rock,
          uniq_sigmund, uniq_grinder

Skill      XL: |  1 |
---------------+----+-----
Axes           | 3 |  3.5
Armour         | 2 |  2.3
Fighting       | |  3.4
Dodging        | |  0.8

Action                   || total
-------------------------++-------
Melee: Hand axe          ||    77
       Kick              ||     4
 Stab: Paralysed         ||     2
Armor: Leather armour    ||    80
Dodge: Dodged            ||   116

Table legend:
 A = Non-vault XP
 B = Vault XP
 C = Vault XP percentage of total XP
 D = Non-vault monster count
 E = Vault monster count
 F = Vault count percentage of total count
                 A         B        C        D         E       F
            +---------+---------+-------+---------+---------+-------
      Total |      61 |      12 |  16.4 |      29 |       7 |  19.4
            +---------+---------+-------+---------+---------+-------
        D:1 |      47 |       0 |   0.0 |      24 |       0 |   0.0
        D:2 |      14 |      12 |  46.2 |       5 |       7 |  58.3
            +---------+---------+-------+---------+---------+-------
